 Dungeon Crawl Stone Soup version 0.24.0-13-gcf9b3192b9 (webtiles) character file.

Game seed: 8342382159948648617, levelgen mode: deterministic

57 Esekla the Sneak (level 4, -2/34 HPs)
             Began as a Formicid Assassin on Nov 8, 2019.
             Slain by Sigmund
             ... wielding a +0 scythe
              (8 damage)
             ... on level 2 of the Dungeon.
             The game lasted 00:12:12 (1446 turns).

Esekla the Sneak (Formicid Assassin)                Turns: 1446, Time: 00:12:13

Health: -2/34      AC:  3    Str: 17    XL:     4   Next: 18%
Magic:  4/4        EV: 12    Int: 10    God:
Gold:   91         SH:  0    Dex: 12    Spells: 3/3 levels left

rFire    . . .     SeeInvis +   a - +2 dagger
rCold    . . .     Gourm    .   (no shield)
rNeg     . . .     Faith    .   b - +0 robe
rPois    +         Spirit   .   (helmet unavailable)
rElec    .         Reflect  .   c - +0 cloak
rCorr    .         Harm     .   (no gloves)
MR       .....                  (no boots)
Stlth    +.........             (no amulet)
HPRegen  0.11/turn              h - ring of poison resistance
MPRegen  0.09/turn              (no ring)

@: confused
A: permanent stasis, dig shafts and tunnels, four strong arms, antennae 3
a: Dig, Shaft Self


You were on level 2 of the Dungeon.
You were not hungry.

You visited 1 branch of the dungeon, and saw 3 of its levels.

You collected 91 gold pieces.

Inventory:

Hand Weapons
 a - a +2 dagger (weapon)
Missiles
 d - 5 poisoned darts (quivered)
 e - a curare-tipped dart
Armour
 b - a +0 robe (worn)
 c - a +0 cloak (worn)
 m - a +0 buckler
Jewellery
 h - a ring of poison resistance (left hand)
 j - a cursed ring of attention {unknown}
 n - an uncursed ring of resist corrosion {unknown}
Scrolls
 g - 2 scrolls of magic mapping {unknown}
 p - a scroll of fear {unknown}
Potions
 i - a potion of mutation {unknown}
 k - a potion of haste
 l - a potion of flight {unknown}
 o - a potion of heal wounds {unknown}
Comestibles
 f - 7 rations


   Skills:
 * Level 2.8 Fighting
 * Level 3.0 Short Blades
 + Level 2.4 Throwing
 + Level 1.2 Dodging
 - Level 5.1 Stealth


You had 3 spell levels left.
You didn't know any spells.
Your spell library was empty.

Dungeon Overview and Level Annotations

Branches:
Dungeon (3/15)

Altars:

Annotations:
D:2 Sigmund


Innate Abilities, Weirdness & Mutations

You cannot be hasted, slowed, berserked, paralysed or teleported.
You can dig through walls and to a lower floor.
Your four strong arms can wield two-handed weapons with a shield.
You have a pair of large antennae on your head. (SInv)


Message History

The hobgoblin hits you with a +0 club.
Sigmund drinks a potion.
Sigmund seems to speed up.
Sigmund's eyes start glowing with a red light.
Sigmund casts a spell at you.
You are confused.
Sigmund flickers, as though insubstantial.
Sigmund casts a spell at you. The puff of flame hits you!
Sigmund mumbles some strange words.
Sigmund flickers and vanishes for a moment.
There is a stone staircase leading up here.
Sigmund hits you from afar with a +0 scythe.
In your confused state, you trip and fall back down the stairs.
* * * LOW HITPOINT WARNING * * *
The hobgoblin hits you with a +0 club.
* * * LOW HITPOINT WARNING * * *
Sigmund barely misses you.
The hobgoblin hits you but does no damage.
Sigmund hits you from afar with a +0 scythe!
You die...

...#############...........#
...##.......#
#...........#####
...##.......#
#...............#
...##.......#
#............##.#
...##.......# #............#
#####....)..####............#
# #.......##..............# #
#.......##....@.######### #
#.......##..@g..# #
#.......+.......# #
#.......#......##
#######'##....##+### ...#
#.##.##....#
##.####.##.##.####
.....##.##.##.#########
........##.##.........g
.#.......#.....########


You could see Sigmund (invisible) and a hobgoblin.

Vanquished Creatures
  2 adders
  A worm (D:2)
  3 dart slugs
  A leopard gecko (D:1)
  A ball python (D:1)
  A bat (D:1)
  2 giant cockroaches
  4 hobgoblins
  6 kobolds
  3 frilled lizards (D:2)
  7 rats
31 creatures vanquished.

Notes
Turn   | Place    | Note
-------+----------+-------------------------------------------
     0 | D:1      | Esekla the Formicid Assassin began the quest for the Orb.
     0 | D:1      | Reached XP level 1. HP: 16/16 MP: 1/1
    25 | D:1      | Reached skill level 5 in Stealth
    62 | D:1      | Reached XP level 2. HP: 21/23 MP: 2/2
   102 | D:1      | Reached skill level 1 in Dodging
   733 | D:2      | Reached XP level 3. HP: 28/28 MP: 3/3
  1175 | D:2      | Reached XP level 4. HP: 31/34 MP: 4/4
  1432 | D:2      | Noticed Sigmund
  1446 | D:2      | Slain by Sigmund

Levels and vault maps discovered:
D:1:      minmay_arrival_up_and_down, layout_rooms
D:2:      layout_basic, uniq_sigmund
D:3:      layout_loops_ring, marbit_many_paths

Skill      XL: |  1  2  3  4 |
---------------+-------------+-----
Stealth        | 5 |  5.1
Dodging        | 1 |  1.2
Short Blades   | 3 |  3.0
Fighting       | |  2.8
Throwing       | |  2.4

Action                   |  1- 3 |  4- 6 || total
-------------------------+-------+-------++-------
Melee: Dagger            |    72 |    24 ||    96
Throw: Dart              |    15 |    11 ||    26
  Use: Scroll            |     3 |       ||     3
 Stab: Sleeping          |     3 |     1 ||     4
  Eat: Chunk             |       |     2 ||     2
Armor: Robe              |    19 |     4 ||    23
Dodge: Dodged            |    44 |     6 ||    50
